AoeStats
← 楚南公

Nomad

504727351Analyzed
4v4 RM · 26d ago on Sep 6, 2026· 50m 6s· 8 players
Game mode
Random Map
Map size
231×231
Population
200
Speed
Normal
Resources
Standard
Victory
Conquest
Starting age
Dark Age
Ending age
Imperial Age
RankedLock teamsTeams togetherTeam positionsShared explorationLock speedFull tech treeHidden civsTurbo modeCheats
Victory
Defeat
🇸🇰 Koreans · Slovakia
1330
+12
🇴🇲 Italians · Oman
1264
+14
🇨🇳 Vietnamese · China
1230
+16
🇬🇧 Magyars · United Kingdom
1145
+51
🇦🇺 Dravidians · Australia
1339
-20
🇦🇺 Aztecs · Australia
1285
-18
🇦🇺 Mongols · Australia
1149
-12
🇦🇺 Japanese · Australia
1114
-11
xxCamper_2
4:47 Loom
16:41 Feudal Age
17:21 Fishing Lines
17:55 Double-Bit Axe
18:28 Gold Mining
20:38 Wheelbarrow
20:00 Horse Collar
22:51 Castle Age
22:47 Forging
22:37 Scale Mail Armor
23:45 Fletching
24:25 Medium Warships
24:10 Gillnets
26:56 Bow Saw
27:23 Chain Mail Armor
27:44 Iron Casting
27:24 Stone Mining
28:32 Bodkin Arrow
30:54 Hand Cart
34:25 Ballistics
35:08 Town Watch
39:23 Imperial Age
39:02 Siphons
39:08 Clinker Construction
40:52 Heavy Warships
41:20 Shipwright
41:14 Careening
41:24 Carvel Hull
41:39 Plate Mail Armor
41:49 Heated Shot
43:01 Chemistry
44:00 Elite War Wagon
45:08 Scale Barding Armor
46:14 Gold Shaft Mining
46:15 Stone Shaft Mining
46:40 Conscription
47:04 Eupseong
48:15 Chain Barding Armor
47:56 Bracer
47:33 Spies/Treason
48:49 Siege Engineers
48:24 Treadmill Crane
48:55 Incendiaries
49:06 Shipwright
50:44 Shinkichon
Waz1upp
3:29 Loom
13:50 Feudal Age
23:40 Castle Age
23:20 Scale Barding Armor
24:07 Double-Bit Axe
27:40 Chain Barding Armor
28:05 Bloodlines
38:26 Fletching
41:55 Bodkin Arrow
42:00 Padded Archer Armor
45:48 Imperial Age
45:35 Husbandry
46:58 Cavalier
49:38 Spies/Treason
ql7mt
6:03 Loom
15:17 Feudal Age
16:57 Double-Bit Axe
17:46 Fishing Lines
19:40 Town Watch
22:02 Castle Age
19:59 Fletching
20:18 Horse Collar
20:41 Town Watch
22:58 Bodkin Arrow
25:58 Bow Saw
28:06 Padded Archer Armor
28:36 Gillnets
31:03 Ballistics
31:14 Leather Archer Armor
31:40 Wheelbarrow
33:49 Imperial Age
34:33 Hand Cart
34:36 Forging
34:26 Scale Mail Armor
36:08 Bracer
36:38 Ring Archer Armor
36:25 Chain Mail Armor
36:45 Iron Casting
37:52 Squires
37:37 Arson
39:18 Chemistry
42:32 Heavy Plow
47:33 Spies/Treason
50:17 Blast Furnace
49:48 Plate Mail Armor
49:23 Caravan
楚南公
4:49 Loom
13:28 Feudal Age
14:43 Double-Bit Axe
16:39 Town Watch
19:55 Castle Age
19:20 Fishing Lines
20:27 Gold Mining
21:21 Medium Warships
21:27 Bow Saw
22:42 Fletching
23:53 Horse Collar
25:01 Bodkin Arrow
29:54 Heavy Plow
30:38 Scale Mail Armor
30:52 Forging
32:14 Iron Casting
33:16 Town Patrol
33:56 Wheelbarrow
37:01 Imperial Age
34:36 Padded Archer Armor
35:36 Hand Cart
35:55 Leather Archer Armor
36:03 Ballistics
37:53 Bracer
38:54 Chemistry
38:50 Ring Archer Armor
39:24 Two-Man Saw
40:21 Elite Rattan Archer
41:17 Thumb Ring
42:59 Paper Money
45:35 Scale Mail Armor
46:14 Crop Rotation
45:57 Guilds
45:42 Stone Mining
48:33 Chain Mail Armor
48:24 Scale Barding Armor
47:42 Heavy Cavalry Archer
47:43 Crossbowman
48:22 Spies/Treason
49:38 Hoardings
49:14 Siege Engineers
49:05 Murder Holes
48:51 Treadmill Crane
50:51 Plate Mail Armor
50:42 Chain Barding Armor
50:25 Chatras
50:37 Careening
50:37 Clinker Construction
50:38 Fortified Wall
50:19 Guard Tower
ParryStyles
12:22 Loom
14:08 Feudal Age
15:45 Double-Bit Axe
18:42 Castle Age
17:21 Scale Mail Armor
17:53 Gold Mining
19:52 Wheelbarrow
19:42 Bow Saw
22:59 Eagle Warrior
24:17 Fletching
26:22 Hand Cart
26:21 Forging
29:22 Bodkin Arrow
35:20 Horse Collar
_Spilsy_
5:07 Loom
14:55 Feudal Age
20:54 Castle Age
22:08 Double-Bit Axe
25:26 Scale Mail Armor
25:37 Forging
31:16 Arson
31:06 Pikeman
34:33 Imperial Age
35:48 Conscription
35:14 Elite Samurai
38:09 Iron Casting
40:49 Halberdier
Papabear
14:26 Feudal Age
15:56 Double-Bit Axe
16:03 Gold Mining
15:57 Fishing Lines
20:49 Castle Age
21:46 Medium Warships
21:49 Loom
22:39 Wheelbarrow
22:51 Clinker Construction
22:52 Careening
22:54 Clinker Construction
22:36 Fletching
24:01 Siphons
23:52 Gillnets
25:36 Ballistics
25:15 Bodkin Arrow
26:17 Horse Collar
26:52 Bow Saw
31:22 Pikeman
32:02 Squires
32:41 Scale Mail Armor
32:51 Forging
33:13 Forging
34:18 Padded Archer Armor
34:33 Elite Skirmisher
42:12 Imperial Age
40:52 Stone Mining
41:55 Thumb Ring
42:07 Leather Archer Armor
42:07 Chain Mail Armor
42:28 Iron Casting
42:08 Chain Mail Armor
42:57 Bracer
43:27 Ring Archer Armor
Majin Scoob
9:07 Loom
15:31 Feudal Age
20:45 Castle Age
19:19 Double-Bit Axe
21:02 Bloodlines
24:19 Scale Barding Armor
24:25 Forging
30:30 Pikeman
45:09 Ballistics
Connection lost

Rejoining the realm…

Still unreachable

The connection could not be restored.

Session expired

The server has moved on; the page needs a fresh start.